AoeStats
← Kuytan

Nomad

510816165Analyzed
2v2 RM · 10h ago on Oct 2, 2026· 26m 46s· 4 players
Game mode
Random Map
Map size
176×176
Population
200
Speed
Normal
Resources
Standard
Victory
Conquest
Starting age
Dark Age
Ending age
Imperial Age
RankedLock teamsTeams togetherTeam positionsShared explorationLock speedFull tech treeHidden civsTurbo modeCheats
Victory
Defeat
🇸🇪 Huns · Sweden
1186
+12
🇸🇪 Persians · Sweden
1152
+14
🇪🇸 Spanish · Spain
1118
-14
🇦🇷 Vikings · Argentina
1090
-12
Elmarques
12:44 Feudal Age
17:03 Castle Age
18:45 Double-Bit Axe
19:20 Fishing Lines
22:59 Loom
23:52 Wheelbarrow
23:04 Town Watch
23:19 Fishing Lines
23:31 Fishing Lines
24:26 Horse Collar
25:18 Fletching
DrRexCup
8:22 Loom
15:24 Feudal Age
16:52 Double-Bit Axe
18:19 Fishing Lines
22:21 Castle Age
20:07 Horse Collar
22:34 Town Watch
22:28 Pikeman
23:50 Scale Mail Armor
23:58 Squires
25:37 Chain Mail Armor
25:35 Forging
Kuytan
4:01 Loom
13:48 Feudal Age
18:05 Castle Age
16:12 Double-Bit Axe
16:49 Fishing Lines
20:48 Bow Saw
22:01 Medium Warships
22:50 Fletching
24:29 Thumb Ring
26:25 Bloodlines
26:16 Husbandry
26:39 Town Watch
somewear
4:23 Loom
4:30 Loom
13:08 Feudal Age
17:02 Castle Age
14:51 Town Watch
15:14 Double-Bit Axe
16:29 Scale Barding Armor
18:04 Wheelbarrow
18:38 Forging
18:28 Fishing Lines
19:11 Husbandry
20:11 Bloodlines
21:31 Gillnets
22:19 Horse Collar
25:53 Fletching
Connection lost

Rejoining the realm…

Still unreachable

The connection could not be restored.

Session expired

The server has moved on; the page needs a fresh start.